TOP OF THE 1ST |
Auburn Doubledays batting - Pitching for Hillsboro Hops : RHP Josh Klarich
|
Pitching: RHP Josh Klarich
|
|
Batting: RHB Travis Stanley
|
0-0: Called Strike 0-1: Ball 1-1: Ball 2-1: Ball 3-1: SINGLE (Line Drive, 7LS, EV 95.0 MPH)
|
Batting: RHB Bryan Ernst
|
0-0: Ball 1-0: Ball 2-0: Swinging Strike 2-1: Ball 3-1: Fly out, F9 (Line Drive, 9, EV 90.0 MPH)
|
Batting: LHB John Luke
|
0-0: Called Strike Travis Stanley steals 2nd base 0-1: Ball 1-1: Ball 2-1: Ball 3-1: Foul Ball, location: 2F 3-2: Foul Ball, location: 2F 3-2: SINGLE (Line Drive, 34, EV 101.9 MPH) Travis Stanley to third
|
Batting: RHB Slavik Nebrodov
|
0-0: Ball 1-0: Foul Ball, location: 2F 1-1: Called Strike 1-2: Strikes out swinging
|
Batting: LHB Yoshiya Kurokawa
|
0-0: Ball 1-0: Called Strike 1-1: Ball 2-1: Called Strike 2-2: Foul Ball, location: 2F 2-2: Strikes out swinging
|
Top of the 1st over - 0 runs, 2 hits, 0 errors, 2 left on base; Auburn 0 - Hillsboro 0 |
BOTTOM OF THE 1ST |
Hillsboro Hops batting - Pitching for Auburn Doubledays : RHP Cory Jones
|
Pitching: RHP Cory Jones
|
|
Batting: RHB Yasuo Nakata
|
0-0: Called Strike 0-1: Ball 1-1: Ball 2-1: Called Strike 2-2: Strikes out swinging
|
Batting: RHB Edgar Garcia
|
0-0: Called Strike 0-1: Ball 1-1: Ball 2-1: Foul Ball, location: 2F 2-2: Ball 3-2: Strikes out swinging
|
Batting: RHB Larry Hardman
|
0-0: Foul Ball, location: 2F 0-1: Swinging Strike 0-2: Strikes out swinging
|
Bottom of the 1st over - 0 runs, 0 hits, 0 errors, 0 left on base; Auburn 0 - Hillsboro 0 |
TOP OF THE 2ND |
Auburn Doubledays batting - Pitching for Hillsboro Hops : RHP Josh Klarich
|
Batting: RHB Joe Young
|
0-0: Ball 1-0: Foul Ball, location: 2F 1-1: Swinging Strike 1-2: Ball 2-2: Strikes out swinging
|
Batting: RHB Jeff Page
|
0-0: Ball 1-0: Ground out 4-3 (Groundball, 4, EV 86.3 MPH)
|
Batting: RHB Jon Hill
|
0-0: Foul Ball, location: 2F 0-1: Ball 1-1: Ground out U3 (Groundball, 34, EV 84.4 MPH)
|
Top of the 2nd over - 0 runs, 0 hits, 0 errors, 0 left on base; Auburn 0 - Hillsboro 0 |
BOTTOM OF THE 2ND |
Hillsboro Hops batting - Pitching for Auburn Doubledays : RHP Cory Jones
|
Batting: RHB Chris Bittner
|
0-0: Ball 1-0: Called Strike 1-1: Ball 2-1: Ball 3-1: Base on Balls
|
Batting: RHB Jeremy Coffey
|
0-0: Called Strike 0-1: Called Strike 0-2: Ball 1-2: Foul Ball, location: 2F 1-2: Ball 2-2: Ball 3-2: Base on Balls Chris Bittner to second
|
Batting: RHB Jeremy Adams
|
0-0: Called Strike 0-1: Ball 1-1: Ball 2-1: Ball 3-1: Base on Balls Chris Bittner to third Jeremy Coffey to second
|
Batting: RHB Bryan Shuller
|
0-0: Ball 1-0: Ball 2-0: Ball 3-0: Called Strike 3-1: Base on Balls Chris Bittner scores Jeremy Coffey to third Jeremy Adams to second
|
Batting: RHB Brandon Joshua
|
0-0: Ball 1-0: Called Strike 1-1: Ball 2-1: Ball 3-1: Base on Balls Jeremy Coffey scores Jeremy Adams to third Bryan Shuller to second
|
Batting: RHB Trevor Corey
|
0-0: Ball 1-0: Called Strike 1-1: Called Strike 1-2: Foul Ball, location: 2F 1-2: SINGLE (Line Drive, 6MD, EV 98.8 MPH) Jeremy Adams scores Bryan Shuller to third Brandon Joshua to second Runner from 3rd tries for Home, SAFE, throw by CF to home
|
Batting: RHB Yasuo Nakata
|
0-0: Fielders Choice at 2nd, 3-6 (Groundball, 34S, EV 90.6 MPH) Brandon Joshua to third
|
Batting: RHB Edgar Garcia
|
0-0: Fly out, F7 (Flyball, 78D, EV 98.1 MPH) Runner from 3rd tags up, SCORES, throw by LF
|
Batting: RHB Larry Hardman
|
0-0: Called Strike 0-1: Called Strike 0-2: Ball 1-2: Fielders Choice at 2nd, 5-4 (Groundball, 56, EV 86.9 MPH)
|
Bottom of the 2nd over - 5 runs, 1 hit, 0 errors, 1 left on base; Auburn 0 - Hillsboro 5 |
TOP OF THE 3RD |
Auburn Doubledays batting - Pitching for Hillsboro Hops : RHP Josh Klarich
|
Batting: RHB David Rojas
|
0-0: Foul Ball, location: 2F 0-1: Swinging Strike 0-2: Ball 1-2: DOUBLE (Line Drive, 89M, EV 86.9 MPH)
|
Batting: RHB Travis Stanley
|
0-0: SINGLE (Groundball, P, EV 83.8 MPH) (infield hit) David Rojas to third
|
Batting: RHB Bryan Ernst
|
0-0: Ball Travis Stanley is caught stealing 2nd base 2-4 1-0: Called Strike 1-1: Swinging Strike 1-2: Foul Ball, location: 2F 1-2: Ball 2-2: Ground out 6-3 (Groundball, 6, EV 103.8 MPH) David Rojas scores
|
Batting: LHB John Luke
|
0-0: Ground out 4-3 (Groundball, 4, EV 80.6 MPH)
|
Top of the 3rd over - 1 run, 2 hits, 0 errors, 0 left on base; Auburn 1 - Hillsboro 5 |
BOTTOM OF THE 3RD |
Hillsboro Hops batting - Pitching for Auburn Doubledays : RHP Cory Jones
|
Batting: RHB Chris Bittner
|
0-0: Called Strike 0-1: Swinging Strike 0-2: Strikes out looking
|
Batting: RHB Jeremy Coffey
|
0-0: Called Strike 0-1: Foul Ball, location: 2F 0-2: Ball 1-2: Ball 2-2: Ground out 4-3 (Groundball, 4, EV 102.5 MPH)
|
Batting: RHB Jeremy Adams
|
0-0: Called Strike 0-1: Reached on error, E6 (Groundball, 56, EV 98.1 MPH)
|
Batting: RHB Bryan Shuller
|
0-0: Ball 1-0: Foul Ball, location: 2F 1-1: Ball 2-1: Foul Ball, location: 2F 2-2: Foul Ball, location: 2F 2-2: Strikes out swinging
|
Bottom of the 3rd over - 0 runs, 0 hits, 1 error, 1 left on base; Auburn 1 - Hillsboro 5 |
TOP OF THE 4TH |
Auburn Doubledays batting - Pitching for Hillsboro Hops : RHP Josh Klarich
|
Batting: RHB Slavik Nebrodov
|
0-0: Foul Ball, location: 2F 0-1: Swinging Strike 0-2: Strikes out swinging
|
Batting: LHB Yoshiya Kurokawa
|
0-0: Called Strike 0-1: SINGLE (Flyball, 89S, EV 92.5 MPH)
|
Batting: RHB Joe Young
|
0-0: Grounds into double play, 4-6-3 (Groundball, 4, EV 89.4 MPH)
|
Top of the 4th over - 0 runs, 1 hit, 0 errors, 0 left on base; Auburn 1 - Hillsboro 5 |
BOTTOM OF THE 4TH |
Hillsboro Hops batting - Pitching for Auburn Doubledays : RHP Cory Jones
|
Batting: RHB Brandon Joshua
|
0-0: Called Strike 0-1: Ball 1-1: Foul Ball, location: 2F 1-2: Foul Ball, location: 2F 1-2: Strikes out swinging
|
Batting: RHB Trevor Corey
|
0-0: Ball 1-0: Ball 2-0: Ground out U3 (Groundball, 3L, EV 75.6 MPH)
|
Batting: RHB Yasuo Nakata
|
0-0: Ball 1-0: Called Strike 1-1: Foul Ball, location: 2F 1-2: Strikes out swinging
|
Bottom of the 4th over - 0 runs, 0 hits, 0 errors, 0 left on base; Auburn 1 - Hillsboro 5 |
TOP OF THE 5TH |
Auburn Doubledays batting - Pitching for Hillsboro Hops : RHP Josh Klarich
|
Batting: RHB Jeff Page
|
0-0: Ball 1-0: TRIPLE (Flyball, 7LD, EV 95.0 MPH)
|
Batting: RHB Jon Hill
|
0-0: Called Strike 0-1: Called Strike 0-2: Strikes out swinging
|
Batting: RHB David Rojas
|
0-0: Ball 1-0: Foul Ball, location: 2F 1-1: Called Strike 1-2: Ball 2-2: Strikes out looking
|
Batting: RHB Travis Stanley
|
0-0: Called Strike 0-1: Ground out 4-3 (Groundball, 4, EV 98.1 MPH)
|
Top of the 5th over - 0 runs, 1 hit, 0 errors, 1 left on base; Auburn 1 - Hillsboro 5 |
BOTTOM OF THE 5TH |
Hillsboro Hops batting - Pitching for Auburn Doubledays : RHP Cory Jones
|
Pitching: RHP Felipe Valencia
|
|
Batting: RHB Edgar Garcia
|
0-0: Foul Ball, location: 2F 0-1: Ball 1-1: Foul Ball, location: 2F 1-2: Ball 2-2: Foul Ball, location: 2F 2-2: Ground out 5-3 (Groundball, 25, EV 81.3 MPH)
|
Batting: RHB Larry Hardman
|
0-0: Ball 1-0: Fly out, F6 (Popup, P, EV 83.1 MPH)
|
Batting: RHB Chris Bittner
|
0-0: Ball 1-0: Called Strike 1-1: Ball 2-1: Swinging Strike 2-2: Foul Ball, location: 2F 2-2: Foul Ball, location: 2F 2-2: Ball 3-2: Foul Ball, location: 2F 3-2: Ground out 2-3 (Groundball, 13S, EV 75.6 MPH)
|
Bottom of the 5th over - 0 runs, 0 hits, 0 errors, 0 left on base; Auburn 1 - Hillsboro 5 |
TOP OF THE 6TH |
Auburn Doubledays batting - Pitching for Hillsboro Hops : RHP Josh Klarich
|
Batting: RHB Bryan Ernst
|
0-0: Foul Ball, location: 2F 0-1: Foul Ball, location: 2F 0-2: SINGLE (Groundball, 6D, EV 98.8 MPH)
|
Batting: LHB John Luke
|
0-0: Called Strike 0-1: Called Strike Bryan Ernst steals 2nd base 0-2: Strikes out swinging
|
Batting: RHB Slavik Nebrodov
|
0-0: Called Strike 0-1: Ground out 5-3 (Groundball, 56, EV 89.4 MPH)
|
Batting: LHB Yoshiya Kurokawa
|
0-0: Ball 1-0: Reached on error, E6 (Groundball, 56D, EV 101.9 MPH) Bryan Ernst scores
|
Batting: RHB Joe Young
|
0-0: Called Strike 0-1: Ball 1-1: Ball 2-1: Fly out, F9 (Flyball, 89M, EV 87.5 MPH)
|
Top of the 6th over - 1 run, 1 hit, 1 error, 1 left on base; Auburn 2 - Hillsboro 5 |
BOTTOM OF THE 6TH |
Hillsboro Hops batting - Pitching for Auburn Doubledays : RHP Felipe Valencia
|
Batting: RHB Jeremy Coffey
|
0-0: Called Strike 0-1: Foul Ball, location: 2F 0-2: Ball 1-2: Foul Ball, location: 2F 1-2: SINGLE (Flyball, 34D, EV 98.8 MPH)
|
Batting: RHB Jeremy Adams
|
0-0: Ball 1-0: Ball 2-0: Fielders Choice at 2nd, 6-4 (Groundball, 6, EV 91.3 MPH)
|
Batting: RHB Bryan Shuller
|
0-0: Foul Ball, location: 2F 0-1: Called Strike 0-2: Foul Ball, location: 2F 0-2: Strikes out swinging
|
Batting: RHB Brandon Joshua
|
0-0: Swinging Strike Passed Ball! Jeremy Adams to second 0-1: Called Strike 0-2: SINGLE (Line Drive, 6MD, EV 95.6 MPH) Jeremy Adams to third Runner from 3rd tries for Home, throw by CF and OUT! 8-2
|
Bottom of the 6th over - 0 runs, 2 hits, 0 errors, 1 left on base; Auburn 2 - Hillsboro 5 |
TOP OF THE 7TH |
Auburn Doubledays batting - Pitching for Hillsboro Hops : RHP Josh Klarich
|
Batting: RHB Jeff Page
|
0-0: Ball 1-0: Swinging Strike 1-1: Swinging Strike 1-2: Ball 2-2: Ground out 4-3 (Groundball, 4M, EV 83.1 MPH)
|
Batting: RHB Jon Hill
|
0-0: Ball 1-0: Ball 2-0: Called Strike 2-1: Swinging Strike 2-2: Foul Ball, location: 2F 2-2: Strikes out swinging
|
Batting: RHB David Rojas
|
0-0: Ball 1-0: Foul Ball, location: 2F 1-1: Ground out U3 (Groundball, 34, EV 95.6 MPH)
|
Top of the 7th over - 0 runs, 0 hits, 0 errors, 0 left on base; Auburn 2 - Hillsboro 5 |
BOTTOM OF THE 7TH |
Hillsboro Hops batting - Pitching for Auburn Doubledays : RHP Felipe Valencia
|
Pitching: RHP Luis Galvez
|
|
Batting: RHB Trevor Corey
|
0-0: Called Strike 0-1: Ball 1-1: Foul Ball, location: 2F 1-2: Foul Ball, location: 2F 1-2: Foul Ball, location: 2F 1-2: Strikes out swinging
|
Batting: RHB Yasuo Nakata
|
0-0: Ball 1-0: Swinging Strike 1-1: Ball 2-1: Ball 3-1: Base on Balls
|
Batting: RHB Edgar Garcia
|
0-0: Ball 1-0: TRIPLE (Line Drive, 9LD, EV 110.6 MPH) Yasuo Nakata scores
|
Batting: RHB Larry Hardman
|
0-0: Ball 1-0: Ball 2-0: Ground out 6-3 (Groundball, 6, EV 86.9 MPH) Edgar Garcia scores
|
Batting: RHB Chris Bittner
|
0-0: Ball 1-0: Called Strike 1-1: Swinging Strike 1-2: Strikes out looking
|
Bottom of the 7th over - 2 runs, 1 hit, 0 errors, 0 left on base; Auburn 2 - Hillsboro 7 |
TOP OF THE 8TH |
Auburn Doubledays batting - Pitching for Hillsboro Hops : RHP Josh Klarich
|
Pitching: RHP Josh Halvorson
|
|
Batting: RHB Travis Stanley
|
0-0: Called Strike 0-1: Ball 1-1: Ball 2-1: Foul Ball, location: 2F 2-2: Strikes out swinging
|
Batting: RHB Bryan Ernst
|
0-0: Called Strike 0-1: Ball 1-1: SINGLE (Groundball, 6D, EV 95.6 MPH)
|
Batting: LHB John Luke
|
0-0: Ball 1-0: Ball 2-0: Foul Ball, location: 2F 2-1: Grounds out, U3 (Groundball, 3L, EV 81.9 MPH)
|
Batting: RHB Slavik Nebrodov
|
Balk! Bryan Ernst to third 0-0: Called Strike 0-1: Fly out, F9 (Line Drive, 9, EV 92.5 MPH)
|
Top of the 8th over - 0 runs, 1 hit, 0 errors, 1 left on base; Auburn 2 - Hillsboro 7 |
BOTTOM OF THE 8TH |
Hillsboro Hops batting - Pitching for Auburn Doubledays : RHP Luis Galvez
|
Batting: RHB Jeremy Coffey
|
0-0: Called Strike 0-1: Foul Ball, location: 2F 0-2: Ball 1-2: Ball 2-2: Ground out 5-3 (Groundball, 56, EV 100.6 MPH)
|
Batting: RHB Jeremy Adams
|
0-0: Foul Ball, location: 2F 0-1: Called Strike 0-2: Ball 1-2: Strikes out swinging, 2-3 out at first.
|
Batting: RHB Bryan Shuller
|
0-0: Foul Ball, location: 2F 0-1: Ground out 6-3 (Groundball, 6S, EV 65.0 MPH)
|
Bottom of the 8th over - 0 runs, 0 hits, 0 errors, 0 left on base; Auburn 2 - Hillsboro 7 |
TOP OF THE 9TH |
Auburn Doubledays batting - Pitching for Hillsboro Hops : RHP Josh Halvorson
|
Batting: LHB Yoshiya Kurokawa
|
0-0: Called Strike 0-1: Swinging Strike 0-2: Hit by Pitch
|
Batting: RHB Joe Young
|
0-0: Swinging Strike 0-1: Swinging Strike 0-2: Foul Ball, location: 2F 0-2: Fly out, F8 (Flyball, 8RS, EV 77.5 MPH)
|
Batting: RHB Jeff Page
|
0-0: Ball 1-0: Called Strike 1-1: Called Strike 1-2: Grounds into double play, 5-4-3 (Groundball, 56S, EV 83.8 MPH)
|
Top of the 9th over - 0 runs, 0 hits, 0 errors, 0 left on base; Auburn 2 - Hillsboro 7 |
|